 Dungeon Crawl Stone Soup version 0.17-a0-1-g1f4be75 (webtiles) character file.

103 timbw the Slasher (level 4, -2/36 HPs)
             Began as a Draconian Gladiator on Mar 4, 2015.
             Was an Initiate of Okawaru.
             Slain by an orc
             ... wielding a +0 morningstar of protection
              (7 damage)
             ... on level 6 of the Dungeon.
             The game lasted 00:03:41 (719 turns).

timbw the Slasher (Draconian Gladiator)              Turns: 719, Time: 00:03:41

Health: -2/36      AC:  5    Str: 18    XL:     4   Next: 51%
Magic:  4/4        EV: 12    Int:  8    God:    Okawaru [......]
Gold:   41         SH:  0    Dex: 12    Spells: 0 memorised, 3 levels left

rFire  . . .     SeeInvis .     a - +0 long sword
rCold  . . .     Clarity  .     (armour unavailable)
rNeg   . . .     SustAb   .     (no shield)
rPois  .         Gourm    .     c - +0 hat
rElec  .         Spirit   .     (no cloak)
rCorr  .         Warding  .     (no gloves)
rMut   .         Stasis   .     (no boots)
MR     .....                    (no amulet)
Stlth  +.........               (no ring)
                                h - ring of teleport control

@: not resistant to hostile enchantments, very unstealthy
A: unfitting armour, cold-blooded, AC +5
a: Renounce Religion, Evoke Teleport Control


You were on level 6 of the Dungeon.
You worshipped Okawaru.
Okawaru was noncommittal.
You were not hungry.

You visited 2 branches of the dungeon, and saw 8 of its levels.

You collected 41 gold pieces.

Inventory:

Hand weapons
 a - a +0 long sword (weapon)
Armour
 c - a +0 hat (worn)
Jewellery
 h - a ring of teleport control (left hand)
Scrolls
 b - a scroll of identify {unknown}
 e - a scroll of remove curse {unknown}
 i - a scroll of immolation {unknown}
Potions
 j - a potion of ambrosia
 k - a potion of resistance {unknown}
 l - a potion of cure mutation {unknown}
Comestibles
 f - a bread ration
 g - 10 fruits


   Skills:
 - Level 2.1 Fighting
 + Level 5.3 Long Blades
 - Level 1.7 Throwing
 - Level 2.6 Dodging


You had 3 spell levels left.
You didn't know any spells.

Dungeon Overview and Level Annotations

Branches:
Dungeon (7/15)             Temple (1/1) D:5

Altars:
Ashenzari
Elyvilon
Fedhas
Gozag
Kikubaaqudgha
Nemelex Xobeh
Okawaru
Ru
Sif Muna
Trog
Vehumet
Yredelemnul


Innate Abilities, Weirdness & Mutations

Your plain brown scales are hard (AC +5).
Your body does not fit into most forms of armour.
Your cold-blooded metabolism reacts poorly to cold.


Message History

The orc misses you.
You barely miss the orc.
You tail-slap the orc, but do no damage.
The orc is lightly wounded.
You closely miss the orc.
You tail-slap the orc, but do no damage.
The orc is lightly wounded.
The orc hits you with a morningstar of protection!
You hit the orc.
You tail-slap the orc, but do no damage.
The orc is moderately wounded.
The orc closely misses you.
You hit the orc.
The orc is almost dead.
The orc hits you with a morningstar of protection!
* * * LOW HITPOINT WARNING * * *
You hit the orc but do no damage.
The orc is almost dead.
The orc hits you with a morningstar of protection!
You die...

. ##..##..#
#.. ##..(.#
..# #....#
#..# ###
##...##
#..##.#
#..###
#....#
##.##
#...####.##
#...##..##
#.@....##
#....o..##
#...>#####
.....###
##..# ###


You could see an orc.

Vanquished Creatures
  A centaur skeleton (D:7)
  A worker ant (D:5)
  Terence (D:2)
  2 adders
  A giant gecko (D:2)
  A bat skeleton (D:5)
  A giant cockroach (D:5)
  3 jackals (D:6)
  A quokka (D:2)
  2 bats
  2 goblins
  6 kobolds
  3 rats
25 creatures vanquished.

Notes
Turn   | Place    | Note
--------------------------------------------------------------
     0 | D:1      | timbw, the Draconian Gladiator, began the quest for the Orb.
     0 | D:1      | Reached XP level 1. HP: 17/17 MP: 1/1
    60 | D:2      | Noticed Terence
    75 | D:2      | Killed Terence
    75 | D:2      | Reached XP level 2. HP: 16/24 MP: 2/2
   120 | D:2      | Found a sparkling altar of Nemelex Xobeh.
   130 | D:2      | Reached skill level 4 in Long Blades
   343 | D:4      | Noticed a sky beast
   353 | D:5      | Entered Level 5 of the Dungeon
   372 | D:5      | Reached XP level 3. HP: 14/29 MP: 3/3
   420 | D:5      | Found a staircase to the Ecumenical Temple.
   427 | Temple   | Entered the Ecumenical Temple
   542 | Temple   | Became a worshipper of Warmaster Okawaru
   633 | D:6      | Reached XP level 4. HP: 26/36 MP: 4/4
   675 | D:7      | Reached skill level 5 in Long Blades
   688 | D:7      | Noticed an ogre
   719 | D:6      | Slain by an orc

Action                   |  1- 3 |  4- 6 || total
-------------------------+-------+-------++-------
Melee: Long sword        |    67 |    33 ||   100
Throw: Throwing net      |     3 |     1 ||     4
  Use: Potion            |       |     1 ||     1
 Stab: Held in net/web   |     1 |       ||     1
